 Dungeon Crawl Stone Soup version 0.29.1-1-gd02db6906a (webtiles) character file.

Game seed: 3413121060286591182

297 DemonSlayer the Firebug (level 6, -5/43 HPs)
             Began as a Demonspawn Fire Elementalist on Sept 23, 2022.
             Killed from afar by an orc wizard (8 damage)
             ... with a puff of flame
             ... on level 4 of the Dungeon.
             The game lasted 00:10:05 (4798 turns).

DemonSlayer the Firebug (DsFE)                      Turns: 4798, Time: 00:10:06

Health: -5/43      AC:  3    Str:  8    XL:     6   Next: 12%
Magic:  4/10       EV: 13    Int: 19    God:
Gold:   158        SH:  0    Dex: 19    Spells: 5/11 levels left

rFire   . . .      SeeInvis .   k - +3 spear
rCold   + . .      Faith    .   (no shield)
rNeg    . . .      Spirit   .   a - +0 robe
rPois   .          Reflect  .   c - +0 helmet
rElec   .          Harm     .   (cloak unavailable)
rCorr   .          Rampage  .   (no gloves)
Will    .....                   (no boots)
Stlth   ++........              (no amulet)
HPRegen 0.14/turn               e - +6 ring of dexterity
MPRegen 0.12/turn               o - ring of protection from cold

@: no status effects
A: condensation shield, weakness stinger 3
a: no special abilities


You were on level 4 of the Dungeon.
You visited 1 branch of the dungeon, and saw 4 of its levels.

You collected 211 gold pieces.
You spent 53 gold pieces at shops.

Inventory:

Hand Weapons
 k - a +3 spear (weapon)
Missiles
 n - 2 silver javelins
Armour
 a - a +0 robe (worn)
 c - a +0 helmet (worn)
Jewellery
 e - a +6 ring of dexterity (left hand)
 o - a ring of protection from cold (right hand)
Scrolls
 g - 3 scrolls of torment
 j - a scroll of poison {unknown}
 p - a scroll of magic mapping
 q - a scroll of teleportation
 t - a scroll of amnesia {unknown}
 u - a scroll of enchant armour {unknown}
 v - 2 scrolls of blinking {unknown}
 x - a scroll of brand weapon {unknown}
Potions
 b - 2 potions of magic
 d - a potion of degeneration {unknown}
 f - a potion of heal wounds
 h - a potion of curing {unknown}
 i - a potion of haste {unknown}
 l - a potion of might {unknown}
 m - 2 potions of mutation
 r - a potion of flight {unknown}
 s - 2 potions of invisibility {unknown}
 w - a potion of attraction {unknown}


   Skills:
 + Level 1.1 Fighting
 + Level 0.2 Maces & Flails
 + Level 2.1 Polearms
 + Level 0.2 Throwing
 + Level 2.5 Dodging
 + Level 2.5 Stealth
 + Level 0.4 Shields
 + Level 3.1 Spellcasting
 + Level 2.2 Conjurations
 + Level 3.6 Fire Magic


You had 5 spell levels left.
You knew the following spells:

 Your Spells              Type           Power      Damage    Failure   Level
a - Foxfire               Conj/Fire      56%        2x1d6     4%          1
b - Scorch                Fire           32%        2d7       5%          2
c - Conjure Flame         Conj/Fire      14%        6-21      14%         3

Your spell library contained the following spells:

 Spells                   Type           Power      Damage    Failure   Level
 Shock                    Conj/Air       28%        1d4       10%         1
 Inner Flame              Hex/Fire       9%         N/A       22%         3
 Swiftness                Air            3%         N/A       41%         3
 Flame Wave               Conj/Fire      14%        2d6       41%         4
 Airstrike                Air            1%         2d(1-17)  83%         4


Dungeon Overview and Level Annotations

Branches:
Dungeon (4/15)
 Temple: D:4-7

Altars:

Shops:
D:1 *   D:3 (   D:4 ?

Annotations:
D:3 3 runed translucent doors, Braxton's ghost, amateur MiHu; Dowan; Duvessa


Innate Abilities, Weirdness & Mutations

A meltable shield of frost defends you. (SH +0)
You have a sharp stinger which inflicts weakening toxins.


Message History

You're too confused to move!
Something hits you but does no damage.
You bump into the stone wall.
You hear some strange, mumbled words.
A puff of flame appears from out of thin air!
The puff of flame hits you!
Your condensation shield dissipates!
You closely miss something. Something hits you.
You bump into the stone wall.
Something hits you but does no damage.
You feel less confused.
You hear some strange, mumbled words.
Something tries to affect you, but you resist.
You hear some strange, mumbled words.
Something tries to affect you, but you resist.
You closely miss something. Something barely misses you.
You hit something but do no damage. Something hits you.
You barely miss something. Something hits you but does no damage.
You barely miss something. Something hits you.
You hit something but do no damage.
You hear some strange, mumbled words.
A magic dart appears from out of thin air!
The magic dart hits you!
You miss something.
Your tail-slap misses something.
Something hits you.
* * * LOW HITPOINT WARNING * * *
You hit something. Something hits you.
* * * LOW HITPOINT WARNING * * *
You miss something. You tail-slap something. Something hits you.
* * * LOW HITPOINT WARNING * * *
You barely miss something. Something hits you.
* * * LOW HITPOINT WARNING * * *
You hit something.
Your tail-slap misses something.
Something barely misses you.
You hit something.
Your tail-slap misses something.
Something hits you.
* * * LOW HITPOINT WARNING * * *
You closely miss something. Something hits you.
* * * LOW HITPOINT WARNING * * *
You hit something. You tail-slap something.
You hear some strange, mumbled words.
A puff of flame appears from out of thin air!
The puff of flame hits you!
You die...

#..##....#
.###.)..∩..
..g.....)# #..#
#g.# #o## # #o# #
.# ## #{# # #.# ..
#@# ..# #.##.#
...#.>. ... #.##.#
...#...#... #.##.#
#.#.#.#.#.# #.##.#
#.#.#.#.#.# #....#
#.#.#.#.#.###..###
.#...#...#.##..#
##...#...#.##..#


You could see 2 orcs and a hobgoblin.

Vanquished Creatures
  A black bear (D:4)
  A howler monkey (D:4)
  A hound (D:3)
  An orc wizard (D:4)
  3 adders
  2 worms (D:3)
  A dart slug (D:1)
  4 orcs (D:4)
  10 endoplasms
  3 giant cockroaches
  6 hobgoblins
  5 jackals
  5 kobolds
  5 quokkas
  8 ball pythons
  6 bats
  3 frilled lizards
  3 goblins
  5 rats
73 creatures vanquished.

Vanquished Creatures (collateral kills)
  5 foxfires (D:1)
5 creatures vanquished.

Vanquished Creatures (others)
  149 foxfires
149 creatures vanquished.

Grand Total: 227 creatures vanquished

Notes
Turn   | Place    | Note
-------+----------+-------------------------------------------
     0 | D:1      | DemonSlayer the Demonspawn Fire Elementalist began the
                  | quest for the Orb.
     0 | D:1      | Reached XP level 1. HP: 13/13 MP: 3/3
    32 | D:1      | Found Ocick's Assorted Antiques.
   545 | D:1      | Found a faded altar of an unknown god.
   625 | D:1      | Gained mutation: You have a small tail. [demonic ancestry]
   625 | D:1      | Reached XP level 2. HP: 16/19 MP: 0/5
   628 | D:1      | Learned a level 2 spell: Scorch
  2180 | D:2      | Gained mutation: A meltable shield of frost defends you.
                  | (SH +0) [demonic ancestry]
  2180 | D:2      | Reached XP level 3. HP: 24/24 MP: 1/6
  2184 | D:2      | Learned a level 3 spell: Conjure Flame
  3148 | D:1      | Bought a scroll labelled UKHOEF TAIN for 28 gold pieces
  3148 | D:1      | Bought a bubbling silvery potion for 25 gold pieces
  3336 | D:3      | Reached skill level 1 in Polearms
  3336 | D:3      | Gained mutation: You have a tail ending in a sharp stinger.
                  | [demonic ancestry]
  3336 | D:3      | Reached XP level 4. HP: 20/30 MP: 0/7
  3662 | D:3      | Found a runed translucent gate.
  3662 | D:3      | Found a runed translucent gate.
  3663 | D:3      | Found a runed translucent gate.
  3665 | D:3      | Noticed Braxton's ghost (amateur MiHu)
  3678 | D:3      | Noticed a scorpion
  3999 | D:3      | Found Laoniamn's Weapon Shoppe.
  4088 | D:4      | Reached XP level 5. HP: 32/35 MP: 9/9
  4096 | D:4      | Noticed Dowan
  4103 | D:4      | Noticed Duvessa
  4557 | D:4      | Noticed a black bear
  4561 | D:4      | Killed a black bear
  4562 | D:4      | Reached skill level 1 in Fighting
  4665 | D:4      | Gained mutation: You have a sharp stinger which inflicts
                  | weakening toxins. [demonic ancestry]
  4665 | D:4      | Reached XP level 6. HP: 43/43 MP: 7/10
  4755 | D:4      | Found Oqeferiu's Magic Scroll Boutique.
  4798 | D:4      | Killed from afar by an orc wizard

Illustrated notes

Levels and vault maps discovered:
D:1:      minmay_arrival_nine_rooms, layout_loops_corners, serial_shops, shop,
          shapermc_ecumenical_altar_gd, nicolae_hexahallways
D:2:      layout_rooms, minmay_tall_x
D:3:      layout_rooms, serial_shops, nicolae_shop_statue_plus, serial_glass,
          glass_columns_a, glass_columns_c, gammafunk_ghost_split,
          nicolae_wormholes
D:4:      nicolae_BIG_FREAKIN_CUBE, layout_loops_ring, zin_statuary,
          serial_shops, nicolae_square_shop, uniq_duvessa

Skill      XL: |  1  2  3  4  5  6 |
---------------+-------------------+-----
Dodging        | 2 |  2.5
Fire Magic     | 3 |  3.6
Stealth        | 2 |  2.5
Polearms       | 1 2 |  2.1
Conjurations   | 2 |  2.2
Fighting       | 1 |  1.1
Spellcasting   | 3 |  3.1
Maces & Flails | |  0.2
Throwing       | |  0.2
Shields        | |  0.4

Action                   |  1- 3 |  4- 6 || total
-------------------------+-------+-------++-------
Melee: Mace              |    18 |       ||    18
       Unarmed           |     1 |       ||     1
       Spear             |    42 |    54 ||    96
       Tailslap          |     5 |    13 ||    18
       Punch             |     1 |     1 ||     2
Throw: Javelin           |       |     3 ||     3
 Cast: Foxfire           |    65 |    38 ||   103
       Scorch            |       |    15 ||    15
  Use: Scroll            |     3 |     2 ||     5
       Potion            |       |     1 ||     1
 Stab: Sleeping          |     5 |     1 ||     6
Armor: Robe              |    13 |     9 ||    22
Dodge: Dodged            |    56 |    30 ||    86
Block: Other             |     5 |     4 ||     9
